AoeStats
← Lucuman

Arabia

504129233Analyzed
1v1 RM · 2mo ago on Sep 4, 2026· 21m 6s· 2 players
Game mode
Random Map
Map size
Tiny (2 player)
Population
200
Speed
Normal
Resources
Standard
Victory
Conquest
Starting age
Dark Age
Ending age
Imperial Age
RankedLock teamsTeams togetherTeam positionsShared explorationLock speedFull tech treeHidden civsTurbo modeCheats
Victory
Defeat
🇪🇸 Mapuche · Spain
867
+17
vs
🇺🇸 Mongols · United States
899
-48
Lucuman
8:46 Loom
11:58 Feudal Age
16:04 Castle Age
14:43 Double-Bit Axe
15:26 Horse Collar
19:30 Bow Saw
MesaBoogieMan24
6:27 Loom
10:27 Feudal Age
11:07 Double-Bit Axe
13:48 Wheelbarrow
20:52 Castle Age
19:48 Fletching
20:00 Scale Mail Armor
Connection lost

Rejoining the realm…

Still unreachable

The connection could not be restored.

Session expired

The server has moved on; the page needs a fresh start.